Flyers vs Predators
Created - November 8, 2017 at 23:12
Goals
|
| Flyers |
0 |
3 |
0 |
0 |
0 |
3 |
| Predators |
1 |
1 |
1 |
0 |
1 |
4 |
|
Shots
|
| Flyers |
10 |
13 |
9 |
0 |
3 |
32 |
| Predators |
11 |
12 |
5 |
2 |
2 |
30 |
|
1st period
1. Predators , John Moore 2 (Byron Bitz 8, Dmitri Kalinin 7) at 7:07
Penalties :
Ryan Kesler (Nas) for Roughing (Minor) at 0:22, Jean-Gabriel Pageau (Phi) for High sticking (Minor) at 16:42
2nd period
2. Flyers , Jakub Voracek 6 (Jeff Carter 10, Chris Kreider 5) at 1:58
3. Flyers , Stefan Ruzicka 1 (Jeff Woywitka 5, Stephane Robidas 5) at 12:04
4. Predators , Kris Vernarsky 2 (Justin Abdelkader 2, Adam Burish 6) at 17:45
5. Flyers , Jeff Carter 13 (Jakub Voracek 13, Chris Kreider 6) at 18:49
Penalties :
Jakub Voracek (Phi) for Slashing (Minor) at 7:52
3rd period
6. Predators , Niclas Bergfors 4 (Dmitri Kalinin 8, Ryan Kesler 5) at 17:08
Penalties :
No Penalty
Overtime #1
No Goal
Penalties :
No Penalty
Shootout
Penalty Shot by Jeff Carter for Flyers - Stopped by Viktor Fasth
Penalty Shot by Alexander Ovechkin for Predators - Stopped by Steve Mason
Penalty Shot by Kyle Wellwood for Flyers - Stopped by Viktor Fasth
Penalty Shot by Niclas Bergfors for Predators - Goal!
Penalty Shot by Dany Heatley for Flyers - Stopped by Viktor Fasth
Penalties :
No Penalty
Goalie Stats
Steve Mason (Phi), 27 saves from 30 shots - (0.900), OTL, 2-1-1, 65:00 minutes
Viktor Fasth (Nas), 29 saves from 32 shots - (0.906), W, 8-4-0, 65:00 minutes
Players Stats for Flyers
Player Name G A P +/- PIM S H SB GA TA FO MP PP MP PK MP
------------------------------------------------------------------------------------
Alex Killorn 0 0 0 0 0 0 3 1 0 1 0/0 11:55 0:00 0:00
Alexei Morozov 0 0 0 0 0 3 1 0 1 0 0/0 11:54 0:00 0:00
Chris Kreider 0 2 2 1 0 3 1 1 3 1 0/2 21:10 0:59 0:12
Dany Heatley 0 0 0 -2 0 1 5 0 0 1 0/0 18:16 1:00 0:00
Jakub Voracek 1 1 2 1 2 7 3 1 0 0 1/1 18:03 0:59 0:00
Jean-Gabriel Pageau 0 0 0 0 2 0 2 0 0 0 2/3 12:25 0:00 0:00
Jeff Carter 1 1 2 1 0 2 0 0 0 0 19/28 21:18 0:59 0:20
Jeff Woywitka 0 1 1 2 0 2 1 3 0 1 0/0 23:35 0:55 2:04
Jonathan Ericsson 0 0 0 1 0 1 2 1 1 1 0/0 28:16 1:04 1:54
Kyle Wellwood 0 0 0 -2 0 1 0 0 1 0 5/11 19:07 1:00 0:50
Matt Smaby 0 0 0 1 0 0 2 0 2 0 0/0 24:53 1:04 1:54
Matthew Lombardi 0 0 0 1 0 1 2 2 0 0 3/9 12:10 0:00 2:48
Nathan Paetsch 0 0 0 -3 0 3 0 1 0 0 0/0 19:07 0:00 2:04
Rostislav Olesz 0 0 0 1 0 2 3 0 0 0 0/0 12:48 0:00 2:56
Stefan Ruzicka 1 0 1 1 0 4 0 0 1 0 0/0 8:56 0:00 0:00
Stephane Robidas 0 1 1 2 0 0 1 1 0 0 0/0 17:35 0:55 0:00
Victor Bartley 0 0 0 -3 0 0 1 1 0 0 0/0 16:34 0:00 0:00
Wayne Simmonds 0 0 0 -2 0 2 4 0 0 0 0/0 17:58 1:00 0:50
Players Stats for Predators
Player Name G A P +/- PIM S H SB GA TA FO MP PP MP PK MP
------------------------------------------------------------------------------------
Adam Burish 0 1 1 1 0 0 1 0 1 0 0/1 11:39 0:00 0:49
Alexander Edler 0 0 0 -1 0 2 1 3 0 0 0/0 27:50 2:07 1:13
Alexander Ovechkin 0 0 0 1 0 2 2 0 0 0 1/3 23:35 2:17 0:48
Alexander Steen 0 0 0 0 0 1 0 1 1 0 0/0 16:31 1:41 0:07
Andy Miele 0 0 0 -2 0 1 1 0 1 0 1/3 13:07 0:00 1:03
Barret Jackman 0 0 0 0 0 0 0 0 0 0 0/0 15:58 0:00 0:00
Brendan Gallagher 0 0 0 -2 0 2 0 1 0 0 0/0 14:17 2:17 0:00
Brett Clark 0 0 0 0 0 1 1 3 0 2 0/0 16:44 0:00 0:46
Byron Bitz 0 1 1 0 0 2 1 0 0 0 0/1 14:50 0:00 0:56
Dmitri Kalinin 0 2 2 1 0 0 1 2 0 1 0/0 20:26 1:51 0:00
James Van Riemsdyk 0 0 0 -2 0 0 1 0 0 1 0/0 13:02 0:00 0:00
John Moore 1 0 1 1 0 3 2 1 0 3 0/0 21:12 1:51 0:46
Justin Abdelkader 0 1 1 1 0 2 2 0 0 0 0/0 10:36 0:00 0:00
Kris Vernarsky 1 0 1 1 0 1 0 0 0 0 2/2 9:52 0:00 0:00
Mikael Granlund 0 0 0 0 0 2 2 0 0 0 6/12 17:04 1:41 0:15
Niclas Bergfors 1 0 1 1 0 5 1 2 1 0 0/2 20:41 1:41 0:00
Ryan Kesler 0 1 1 1 2 3 0 0 0 0 14/30 22:46 2:17 0:00
Ryan Mcdonagh 0 0 0 -1 0 3 0 3 1 2 0/0 27:50 2:07 1:13
3 Stars
1 - Jakub Voracek (Phi)
2 - Jeff Carter (Phi)
3 - John Moore (Nas)
Power Play
Flyers - 0 on 1 Attempt(s) - 0.00%
Predators - 0 on 2 Attempt(s) - 0.00%
Penalty Kill
Flyers - 2 on 2 Attempt(s) - 100.00%
- Score 0 goal in Penalty Kill
Predators - 1 on 1 Attempt(s) - 100.00%
- Score 0 goal in Penalty Kill
Team Stat
Flyers - Hits : 31 - Faceoff Wins : 30 - Blocked Shots : 12 - Penalty Minutes : 4
Predators - Hits : 16 - Faceoff Wins : 24 - Blocked Shots : 16 - Penalty Minutes : 2
Official
Referees : O'Halloran Dan and O'Rourke Dan
Linesman : Derek Nansen and Don Henderson
Game Notes
7:07 of 1st period - Predators goal is going for a video replay. After video review, Goal.
Finance
Level 1 -- Attendance: 5678 (94.63%) -- Ticket Income $499,664
Level 2 -- Attendance: 5000 (100.00%) -- Ticket Income $270,000
Level 3 -- Attendance: 2000 (100.00%) -- Ticket Income $68,000
Level 4 -- Attendance: 3792 (94.80%) -- Ticket Income $98,592
Luxury Box -- Attendance: 778 (77.80%) -- Ticket Income $132,260
Game was played at the Wildcat center.
Total Attendance: 17248 (95.82%)
Total Ticket Income: $1,068,516
Other Income: $160,277
Total Income: $1,228,793
Flyers
5 vs 5 Forward
Center Left Wing Right Wing Time % Phy DF OF
1 Jeff Carter Chris Kreider Jakub Voracek 40 1 1 3
2 Kyle Wellwood Dany Heatley Wayne Simmonds 30 1 1 3
3 Jean-Gabriel Pageau Alex Killorn Alexei Morozov 20 0 2 3
4 Matthew Lombardi Rostislav Olesz Stefan Ruzicka 10 0 5 0
5 vs 5 Defense
Defense Defense Time % Phy DF OF
1 Jonathan Ericsson Matt Smaby 40 1 2 2
2 Stephane Robidas Jeff Woywitka 30 1 2 2
3 Nathan Paetsch Victor Bartley 20 1 2 2
4 Jonathan Ericsson Jeff Woywitka 10 0 2 3
PowerPlay Forward
Center Left Wing Right Wing Time % Phy DF OF
1 Jeff Carter Chris Kreider Jakub Voracek 60 1 0 4
2 Kyle Wellwood Dany Heatley Wayne Simmonds 40 1 0 4
PowerPlay Defense
Defense Defense Time % Phy DF OF
1 Jonathan Ericsson Matt Smaby 60 0 2 3
2 Stephane Robidas Jeff Woywitka 40 0 2 3
Penalty Kill 4 Players Forward
Center Wing Time % Phy DF OF
1 Matthew Lombardi Rostislav Olesz 60 0 5 0
2 Kyle Wellwood Wayne Simmonds 40 0 4 1
Penalty Kill 4 Players Defense
Defense Defense Time % Phy DF OF
1 Jonathan Ericsson Matt Smaby 60 0 5 0
2 Jeff Woywitka Nathan Paetsch 40 0 5 0
Penalty Kill - 3 Players Forward
Forward Time % Phy DF OF
1 Matthew Lombardi 60 0 5 0
2 Kyle Wellwood 40 0 4 1
Penalty Kill - 3 Players Defense
Defense Defense Time % Phy DF OF
1 Jonathan Ericsson Matt Smaby 60 0 5 0
2 Jeff Woywitka Nathan Paetsch 40 0 5 0
4 vs 4 Forward
Center Wing Time % Phy DF OF
1 Jeff Carter Chris Kreider 60 1 2 2
2 Kyle Wellwood Dany Heatley 40 0 2 3
4 vs 4 Defense
Defense Defense Time % Phy DF OF
1 Jonathan Ericsson Matt Smaby 60 1 2 2
2 Stephane Robidas Jeff Woywitka 40 1 2 2
Last Minutes Offensive
Center Left Wing Right Wing Defense Defense
Jeff Carter Dany Heatley Jakub Voracek Jonathan Ericsson Jeff Woywitka
Last Minutes Defensive
Center Left Wing Right Wing Defense Defense
Matthew Lombardi Chris Kreider Wayne Simmonds Jonathan Ericsson Jeff Woywitka
Goaltenders
Starting : Steve Mason
Backup : Cory Schneider
Extra Forwards
Normal : Jeff Carter, Dany Heatley, Chris Kreider - PP : Jeff Carter, Dany Heatley - PK : Matthew Lombardi
Extra Defensemen
Normal : Jonathan Ericsson, Matt Smaby, Jeff Woywitka - PP : Jonathan Ericsson - PK : Jonathan Ericsson, Jeff Woywitka
Penalty Shots
Jeff Carter, Kyle Wellwood, Dany Heatley, Alexei Morozov, Chris Kreider
Scratches
Marcus Kruger (Left Eye Injury), Cam Fowler (Healthy)
Predators
5 vs 5 Forward
Center Left Wing Right Wing Time % Phy DF OF
1 Ryan Kesler Alexander Ovechkin Niclas Bergfors 40 1 2 2
2 Mikael Granlund Alexander Steen Byron Bitz 30 1 2 2
3 Andy Miele James Van Riemsdyk Brendan Gallagher 20 1 2 2
4 Kris Vernarsky Justin Abdelkader Adam Burish 10 1 2 2
5 vs 5 Defense
Defense Defense Time % Phy DF OF
1 Ryan Mcdonagh Alexander Edler 40 1 2 2
2 John Moore Dmitri Kalinin 30 1 2 2
3 Brett Clark Barret Jackman 20 1 2 2
4 Brett Clark Barret Jackman 10 1 2 2
PowerPlay Forward
Center Left Wing Right Wing Time % Phy DF OF
1 Ryan Kesler Alexander Ovechkin Brendan Gallagher 60 1 0 4
2 Mikael Granlund Alexander Steen Niclas Bergfors 40 1 0 4
PowerPlay Defense
Defense Defense Time % Phy DF OF
1 Ryan Mcdonagh Alexander Edler 60 1 1 3
2 Dmitri Kalinin John Moore 40 1 1 3
Penalty Kill 4 Players Forward
Center Wing Time % Phy DF OF
1 Andy Miele Byron Bitz 60 1 2 2
2 Ryan Kesler Adam Burish 40 1 2 2
Penalty Kill 4 Players Defense
Defense Defense Time % Phy DF OF
1 Ryan Mcdonagh Alexander Edler 60 1 3 1
2 John Moore Brett Clark 40 1 3 1
Penalty Kill - 3 Players Forward
Forward Time % Phy DF OF
1 Byron Bitz 60 1 3 1
2 Adam Burish 40 1 3 1
Penalty Kill - 3 Players Defense
Defense Defense Time % Phy DF OF
1 Ryan Mcdonagh Alexander Edler 60 1 3 1
2 John Moore Brett Clark 40 1 3 1
4 vs 4 Forward
Center Wing Time % Phy DF OF
1 Ryan Kesler Alexander Ovechkin 60 1 1 3
2 Mikael Granlund Niclas Bergfors 40 1 2 2
4 vs 4 Defense
Defense Defense Time % Phy DF OF
1 Ryan Mcdonagh Alexander Edler 60 1 1 3
2 John Moore Dmitri Kalinin 40 1 2 2
Last Minutes Offensive
Center Left Wing Right Wing Defense Defense
Ryan Kesler Alexander Ovechkin Brendan Gallagher Ryan Mcdonagh Alexander Edler
Last Minutes Defensive
Center Left Wing Right Wing Defense Defense
Andy Miele Alexander Ovechkin Byron Bitz John Moore Ryan Mcdonagh
Goaltenders
Starting : Viktor Fasth
Backup : Chad Johnson
Extra Forwards
Normal : James Van Riemsdyk, Adam Burish, Justin Abdelkader - PP : James Van Riemsdyk, Justin Abdelkader - PK : Alexander Ovechkin
Extra Defensemen
Normal : Dmitri Kalinin, Brett Clark, Barret Jackman - PP : Brett Clark - PK : Barret Jackman, Brett Clark
Penalty Shots
Alexander Ovechkin, Niclas Bergfors, Ryan Kesler, Andy Miele, Justin Abdelkader
Scratches
Andrej Meszaros (Healthy)
% Time on Ice - Flyers
Lines # - Real PCT - Wanted PCT - Time Play
Normal Forward
1 - 32% - 40% - 17:05
2 - 31% - 30% - 16:34
3 - 21% - 20% - 11:28
4 - 17% - 10% - 8:56
Normal Defense
1 - 33% - 40% - 17:34
2 - 29% - 30% - 15:31
3 - 29% - 20% - 15:38
4 - 10% - 10% - 5:20
PP Forward
1 - 50% - 60% - 0:59
2 - 50% - 40% - 1:00
PP Defense
1 - 54% - 60% - 1:04
2 - 46% - 40% - 0:55
PK Forward
1 - 79% - 60% - 3:08
2 - 21% - 40% - 0:50
PK Defense
1 - 48% - 60% - 1:54
2 - 52% - 40% - 2:04
PK3 Forward
1 - 0% - 60%
2 - 0% - 40%
PK3 Defense
1 - 0% - 60%
2 - 0% - 40%
44 Forward
1 - 62% - 60% - 3:06
2 - 38% - 40% - 1:54
44 Defense
1 - 69% - 60% - 3:28
2 - 31% - 40% - 1:32
Last Minute Offensive - 0:00
Last Minute Defensive - 0:00
Total
Forward - 65:00
Defense - 65:00
|
% Time on Ice - Predators
Lines # - Real PCT - Wanted PCT - Time Play
Normal Forward
1 - 34% - 40% - 18:19
2 - 26% - 30% - 14:01
3 - 22% - 20% - 11:57
4 - 18% - 10% - 9:46
Normal Defense
1 - 40% - 40% - 21:46
2 - 32% - 30% - 17:16
3 - 19% - 20% - 10:28
4 - 8% - 10% - 4:33
PP Forward
1 - 58% - 60% - 2:17
2 - 42% - 40% - 1:41
PP Defense
1 - 53% - 60% - 2:07
2 - 47% - 40% - 1:51
PK Forward
1 - 59% - 60% - 1:10
2 - 41% - 40% - 0:49
PK Defense
1 - 61% - 60% - 1:13
2 - 39% - 40% - 0:46
PK3 Forward
1 - 0% - 60%
2 - 0% - 40%
PK3 Defense
1 - 0% - 60%
2 - 0% - 40%
44 Forward
1 - 70% - 60% - 3:29
2 - 30% - 40% - 1:31
44 Defense
1 - 55% - 60% - 2:44
2 - 45% - 40% - 2:16
Last Minute Offensive - 0:00
Last Minute Defensive - 0:00
Total
Forward - 65:00
Defense - 65:00
|
Play by Play
1st period
0:01 of 1st period - Jeff Carter wins face-off versus Alexander Ovechkin in neutral zone.
0:12 of 1st period - Snap shot by Jakub Voracek.
0:12 of 1st period - Stopped by Viktor Fasth with a rebound.
0:14 of 1st period - Wrist shot by Jeff Carter.
0:14 of 1st period - Stopped by Viktor Fasth with a rebound.
0:22 of 1st period - Minor Penalty to Ryan Kesler for Roughing.
0:23 of 1st period - Jeff Carter wins face-off versus Andy Miele in Predators zone.
0:26 of 1st period - Snap shot by Jakub Voracek.
0:26 of 1st period - Shot Blocked by Ryan Mcdonagh.
0:36 of 1st period - Wrist shot by Jakub Voracek.
0:36 of 1st period - Shot Misses the Net.
1:36 of 1st period - Andy Miele is hit by Jeff Woywitka and loses puck.
2:22 of 1st period - Penalty to Ryan Kesler is over, Ryan Kesler is back on ice.
2:37 of 1st period - Snap shot by Alexei Morozov.
2:37 of 1st period - Stopped by Viktor Fasth without a rebound.
2:38 of 1st period - Jean-Gabriel Pageau wins face-off versus Byron Bitz in Predators zone.
2:39 of 1st period - Slapshot by Alexei Morozov.
2:39 of 1st period - Stopped by Viktor Fasth with a rebound.
2:45 of 1st period - Slapshot by Dmitri Kalinin.
2:45 of 1st period - Shot Blocked by Alex Killorn.
3:05 of 1st period - Ryan Kesler is hit by Victor Bartley and loses puck.
3:54 of 1st period - Jonathan Ericsson is hit by Mikael Granlund and loses puck.
4:19 of 1st period - Slapshot by Ryan Kesler.
4:19 of 1st period - Stopped by Steve Mason without a rebound.
4:20 of 1st period - Kyle Wellwood wins face-off versus Ryan Kesler in Flyers zone.
4:27 of 1st period - Ryan Mcdonagh is hit by Dany Heatley and loses puck.
4:51 of 1st period - Off-side.
4:52 of 1st period - Jeff Carter wins face-off versus Mikael Granlund in neutral zone.
5:05 of 1st period - Wrist shot by Jakub Voracek.
5:05 of 1st period - Shot Blocked by Alexander Steen.
5:23 of 1st period - Alexander Edler is hit by Matt Smaby and loses puck.
5:30 of 1st period - Jonathan Ericsson is hit by Justin Abdelkader and loses puck.
5:45 of 1st period - Snap shot by Kyle Wellwood.
5:45 of 1st period - Shot Misses the Net.
6:11 of 1st period - Wrist shot by Rostislav Olesz.
6:11 of 1st period - Stopped by Viktor Fasth without a rebound.
6:12 of 1st period - Jeff Carter wins face-off versus Mikael Granlund in Predators zone.
7:05 of 1st period - Slapshot by Byron Bitz.
7:05 of 1st period - Stopped by Steve Mason with a rebound.
7:07 of 1st period - Slapshot by John Moore.
7:07 of 1st period - Predators goal is going for a video replay.
7:07 of 1st period - The goal is good.
7:07 of 1st period - Goal by John Moore - Flyers : 0 - Predators : 1.
7:08 of 1st period - Ryan Kesler wins face-off versus Jeff Carter in neutral zone.
7:13 of 1st period - Wrist shot by Niclas Bergfors.
7:13 of 1st period - Shot Misses the Net.
7:44 of 1st period - Wrist shot by Andy Miele.
7:44 of 1st period - Deflect By James Van Riemsdyk.
7:44 of 1st period - Shot Misses the Net.
7:44 of 1st period - Puck is out of play.
7:45 of 1st period - Jakub Voracek wins face-off versus Ryan Kesler in Flyers zone.
8:10 of 1st period - Wayne Simmonds is hit by James Van Riemsdyk and loses puck.
8:39 of 1st period - Byron Bitz is hit by Alex Killorn and loses puck.
8:43 of 1st period - Icing by Brett Clark.
8:44 of 1st period - Jeff Carter wins face-off versus Mikael Granlund in Predators zone.
8:45 of 1st period - Wrist shot by Jakub Voracek.
8:45 of 1st period - Stopped by Viktor Fasth without a rebound.
8:46 of 1st period - Jeff Carter wins face-off versus Ryan Kesler in Predators zone.
8:55 of 1st period - Snap shot by Jakub Voracek.
8:55 of 1st period - Shot Misses the Net.
8:57 of 1st period - Slapshot by Jeff Woywitka.
8:57 of 1st period - Shot Misses the Net.
8:59 of 1st period - Slapshot by Jeff Woywitka.
8:59 of 1st period - Stopped by Viktor Fasth without a rebound.
9:00 of 1st period - Jeff Carter wins face-off versus Niclas Bergfors in Predators zone.
9:27 of 1st period - Ryan Mcdonagh is hit by Matthew Lombardi.
9:51 of 1st period - Slapshot by Andy Miele.
9:51 of 1st period - Stopped by Steve Mason with a rebound.
9:53 of 1st period - Slapshot by Alexander Edler.
9:53 of 1st period - Shot Blocked by Jeff Woywitka.
10:34 of 1st period - Slapshot by Alex Killorn.
10:34 of 1st period - Shot Misses the Net.
10:36 of 1st period - Wrist shot by Alex Killorn.
10:36 of 1st period - Shot Misses the Net.
10:50 of 1st period - Slapshot by Byron Bitz.
10:50 of 1st period - Stopped by Steve Mason without a rebound.
10:51 of 1st period - Mikael Granlund wins face-off versus Matthew Lombardi in Flyers zone.
10:54 of 1st period - Slapshot by Mikael Granlund.
10:54 of 1st period - Shot Misses the Net.
10:56 of 1st period - Slapshot by Brett Clark.
10:56 of 1st period - Shot Blocked by Matthew Lombardi.
10:58 of 1st period - Slapshot by Brett Clark.
10:58 of 1st period - Stopped by Steve Mason without a rebound.
10:59 of 1st period - Jeff Carter wins face-off versus Ryan Kesler in Flyers zone.
11:08 of 1st period - Brett Clark is hit by Jakub Voracek and loses puck.
11:42 of 1st period - Andy Miele is hit by Matt Smaby and loses puck.
12:30 of 1st period - Slapshot by Alexander Edler.
12:30 of 1st period - Shot Blocked by Jakub Voracek.
12:32 of 1st period - Slapshot by Alexander Edler.
12:32 of 1st period - Stopped by Steve Mason with a rebound.
12:34 of 1st period - Slapshot by Ryan Mcdonagh.
12:34 of 1st period - Stopped by Steve Mason without a rebound.
12:35 of 1st period - Ryan Kesler wins face-off versus Kyle Wellwood in Flyers zone.
12:44 of 1st period - Snap shot by Niclas Bergfors.
12:44 of 1st period - Stopped by Steve Mason without a rebound.
12:45 of 1st period - Kyle Wellwood wins face-off versus Ryan Kesler in Flyers zone.
12:50 of 1st period - Dmitri Kalinin is hit by Dany Heatley and loses puck.
13:07 of 1st period - Snap shot by Kyle Wellwood.
13:07 of 1st period - Shot Misses the Net.
13:09 of 1st period - Wrist shot by Victor Bartley.
13:09 of 1st period - Shot Blocked by Dmitri Kalinin.
13:11 of 1st period - Snap shot by Wayne Simmonds.
13:11 of 1st period - Deflect By Dany Heatley.
13:11 of 1st period - Stopped by Viktor Fasth with a rebound.
13:15 of 1st period - Wrist shot by Kyle Wellwood.
13:15 of 1st period - Shot Blocked by John Moore.
13:17 of 1st period - Slapshot by Nathan Paetsch.
13:17 of 1st period - Stopped by Viktor Fasth without a rebound.
13:18 of 1st period - Andy Miele wins face-off versus Jeff Carter in Predators zone.
13:29 of 1st period - Wrist shot by Andy Miele.
13:29 of 1st period - Shot Misses the Net.
15:08 of 1st period - Jean-Gabriel Pageau is hit by John Moore and loses puck.
15:15 of 1st period - Byron Bitz is hit by Alexei Morozov and loses puck.
16:11 of 1st period - Snap shot by Chris Kreider.
16:11 of 1st period - Stopped by Viktor Fasth with a rebound.
16:27 of 1st period - Icing by James Van Riemsdyk.
16:28 of 1st period - Jean-Gabriel Pageau wins face-off versus Mikael Granlund in Predators zone.
16:42 of 1st period - Minor Penalty to Jean-Gabriel Pageau for High sticking.
16:43 of 1st period - Matthew Lombardi wins face-off versus Ryan Kesler in Flyers zone.
17:09 of 1st period - Snap shot by Alexander Steen.
17:09 of 1st period - Stopped by Steve Mason without a rebound.
17:10 of 1st period - Mikael Granlund wins face-off versus Matthew Lombardi in Flyers zone.
17:13 of 1st period - Wrist shot by Alexander Steen.
17:13 of 1st period - Shot Blocked by Jeff Woywitka.
17:15 of 1st period - Snap shot by Mikael Granlund.
17:15 of 1st period - Stopped by Steve Mason without a rebound.
17:16 of 1st period - Matthew Lombardi wins face-off versus Mikael Granlund in Flyers zone.
17:56 of 1st period - Wrist shot by Rostislav Olesz.
17:56 of 1st period - Shot Blocked by Alexander Edler.
18:42 of 1st period - Penalty to Jean-Gabriel Pageau is over, Jean-Gabriel Pageau is back on ice.
18:57 of 1st period - Nathan Paetsch is hit by Alexander Edler and loses puck.
19:33 of 1st period - Dmitri Kalinin is hit by Wayne Simmonds and loses puck.
Goals for this period are 0 for Flyers vs 1 for Predators.
Shots for this period are 10 for Flyers vs 11 for Predators.
2nd period
0:01 of 2nd period - Ryan Kesler wins face-off versus Jeff Carter in neutral zone.
0:04 of 2nd period - Wrist shot by Alexander Edler.
0:04 of 2nd period - Shot Misses the Net.
0:52 of 2nd period - Alexei Morozov is hit by Andy Miele and loses puck.
1:13 of 2nd period - Snap shot by Justin Abdelkader.
1:13 of 2nd period - Stopped by Steve Mason without a rebound.
1:14 of 2nd period - Kris Vernarsky wins face-off versus Matthew Lombardi in Flyers zone.
1:39 of 2nd period - Justin Abdelkader is hit by Stephane Robidas and loses puck.
1:46 of 2nd period - Snap shot by Stefan Ruzicka.
1:46 of 2nd period - Deflect By Matthew Lombardi.
1:46 of 2nd period - Shot Misses the Net.
1:46 of 2nd period - Puck is out of play.
1:47 of 2nd period - Jeff Carter wins face-off versus Ryan Kesler in Predators zone.
1:48 of 2nd period - Wrist shot by Jakub Voracek.
1:48 of 2nd period - Stopped by Viktor Fasth without a rebound.
1:49 of 2nd period - Ryan Kesler wins face-off versus Jeff Carter in Predators zone.
1:56 of 2nd period - Snap shot by Jeff Carter.
1:56 of 2nd period - Shot Misses the Net.
1:58 of 2nd period - Wrist shot by Jakub Voracek.
1:58 of 2nd period - Goal by Jakub Voracek - Flyers : 1 - Predators : 1.
1:59 of 2nd period - Jeff Carter wins face-off versus Alexander Ovechkin in neutral zone.
2:53 of 2nd period - Snap shot by Alexander Edler.
2:53 of 2nd period - Shot Misses the Net.
3:33 of 2nd period - Snap shot by Niclas Bergfors.
3:33 of 2nd period - Stopped by Steve Mason with a rebound.
4:21 of 2nd period - Slapshot by Matt Smaby.
4:21 of 2nd period - Shot Blocked by Brendan Gallagher.
4:37 of 2nd period - Slapshot by Kris Vernarsky.
4:37 of 2nd period - Shot Blocked by Matthew Lombardi.
4:39 of 2nd period - Slapshot by Brett Clark.
4:39 of 2nd period - Deflect By Justin Abdelkader.
4:39 of 2nd period - Stopped by Steve Mason without a rebound.
4:40 of 2nd period - Ryan Kesler wins face-off versus Chris Kreider in Flyers zone.
4:55 of 2nd period - Snap shot by Niclas Bergfors.
4:55 of 2nd period - Stopped by Steve Mason without a rebound.
4:56 of 2nd period - Mikael Granlund wins face-off versus Kyle Wellwood in Flyers zone.
4:57 of 2nd period - Snap shot by Byron Bitz.
4:57 of 2nd period - Shot Misses the Net.
5:09 of 2nd period - Snap shot by Alexander Steen.
5:09 of 2nd period - Shot Misses the Net.
5:18 of 2nd period - Icing by John Moore.
5:19 of 2nd period - Ryan Kesler wins face-off versus Jeff Carter in Predators zone.
5:28 of 2nd period - Snap shot by Alexander Ovechkin.
5:28 of 2nd period - Shot Misses the Net.
5:30 of 2nd period - Wrist shot by Niclas Bergfors.
5:30 of 2nd period - Shot Misses the Net.
5:50 of 2nd period - Off-side.
5:51 of 2nd period - Kyle Wellwood wins face-off versus Mikael Granlund in neutral zone.
6:14 of 2nd period - Slapshot by Kyle Wellwood.
6:14 of 2nd period - Shot Misses the Net.
6:42 of 2nd period - Wrist shot by Alexander Steen.
6:42 of 2nd period - Deflect By Byron Bitz.
6:42 of 2nd period - Shot Blocked by Stephane Robidas.
6:42 of 2nd period - Puck is out of play.
6:43 of 2nd period - Jeff Carter wins face-off versus Niclas Bergfors in Flyers zone.
6:43 of 2nd period - Jeff Carter is hit by Niclas Bergfors.
7:15 of 2nd period - Snap shot by Brendan Gallagher.
7:15 of 2nd period - Stopped by Steve Mason with a rebound.
7:29 of 2nd period - Slapshot by Rostislav Olesz.
7:29 of 2nd period - Shot Misses the Net.
7:31 of 2nd period - Backhand shot by Rostislav Olesz.
7:31 of 2nd period - Shot Misses the Net.
7:33 of 2nd period - Slapshot by Stephane Robidas.
7:33 of 2nd period - Shot Blocked by Ryan Mcdonagh.
7:35 of 2nd period - Slapshot by Rostislav Olesz.
7:35 of 2nd period - Shot Misses the Net.
7:37 of 2nd period - Slapshot by Matthew Lombardi.
7:37 of 2nd period - Stopped by Viktor Fasth with a rebound.
7:39 of 2nd period - Slapshot by Jeff Woywitka.
7:39 of 2nd period - Stopped by Viktor Fasth with a rebound.
7:52 of 2nd period - Minor Penalty to Jakub Voracek for Slashing.
7:53 of 2nd period - Ryan Kesler wins face-off versus Matthew Lombardi in Flyers zone.
8:02 of 2nd period - Wrist shot by Ryan Kesler.
8:02 of 2nd period - Deflect By Brendan Gallagher.
8:02 of 2nd period - Stopped by Steve Mason with a rebound.
8:04 of 2nd period - Slapshot by Brendan Gallagher.
8:04 of 2nd period - Deflect By Alexander Ovechkin.
8:04 of 2nd period - Stopped by Steve Mason without a rebound.
8:05 of 2nd period - Ryan Kesler wins face-off versus Matthew Lombardi in Flyers zone.
8:38 of 2nd period - Wayne Simmonds is hit by Mikael Granlund and loses puck.
8:59 of 2nd period - Slapshot by Nathan Paetsch.
8:59 of 2nd period - Stopped by Viktor Fasth without a rebound.
9:00 of 2nd period - Kyle Wellwood wins face-off versus Ryan Kesler in Predators zone.
9:07 of 2nd period - Slapshot by Ryan Mcdonagh.
9:07 of 2nd period - Stopped by Steve Mason with a rebound.
9:09 of 2nd period - Snap shot by Ryan Kesler.
9:09 of 2nd period - Stopped by Steve Mason without a rebound.
9:10 of 2nd period - Ryan Kesler wins face-off versus Matthew Lombardi in Flyers zone.
9:37 of 2nd period - Wrist shot by Mikael Granlund.
9:37 of 2nd period - Shot Blocked by Nathan Paetsch.
9:39 of 2nd period - Slapshot by Alexander Edler.
9:39 of 2nd period - Stopped by Steve Mason with a rebound.
9:41 of 2nd period - Wrist shot by Alexander Steen.
9:41 of 2nd period - Shot Misses the Net.
9:52 of 2nd period - Penalty to Jakub Voracek is over, Jakub Voracek is back on ice.
12:04 of 2nd period - Snap shot by Stefan Ruzicka.
12:04 of 2nd period - Goal by Stefan Ruzicka - Flyers : 2 - Predators : 1.
12:05 of 2nd period - Ryan Kesler wins face-off versus Jeff Carter in neutral zone.
12:10 of 2nd period - Slapshot by Alexander Ovechkin.
12:10 of 2nd period - Shot Misses the Net.
12:32 of 2nd period - Alexander Steen is hit by Wayne Simmonds and loses puck.
12:43 of 2nd period - Alexander Steen is hit by Dany Heatley and loses puck.
13:19 of 2nd period - Off-side.
13:20 of 2nd period - Matthew Lombardi wins face-off versus Ryan Kesler in neutral zone.
13:25 of 2nd period - Slapshot by Rostislav Olesz.
13:25 of 2nd period - Shot Blocked by Dmitri Kalinin.
13:27 of 2nd period - Slapshot by Stefan Ruzicka.
13:27 of 2nd period - Stopped by Viktor Fasth with a rebound.
13:29 of 2nd period - Snap shot by Stefan Ruzicka.
13:29 of 2nd period - Shot Misses the Net.
13:31 of 2nd period - Wrist shot by Stefan Ruzicka.
13:31 of 2nd period - Stopped by Viktor Fasth with a rebound.
13:33 of 2nd period - Slapshot by Rostislav Olesz.
13:33 of 2nd period - Stopped by Viktor Fasth with a rebound.
13:55 of 2nd period - Wrist shot by Ryan Kesler.
13:55 of 2nd period - Shot Misses the Net.
13:59 of 2nd period - Wrist shot by Ryan Kesler.
13:59 of 2nd period - Shot Misses the Net.
14:09 of 2nd period - Dmitri Kalinin is hit by Rostislav Olesz and loses puck.
14:28 of 2nd period - Wrist shot by Stefan Ruzicka.
14:28 of 2nd period - Shot Misses the Net.
14:30 of 2nd period - Slapshot by Victor Bartley.
14:30 of 2nd period - Shot Misses the Net.
14:38 of 2nd period - Slapshot by Stefan Ruzicka.
14:38 of 2nd period - Stopped by Viktor Fasth with a rebound.
14:40 of 2nd period - Snap shot by Stefan Ruzicka.
14:40 of 2nd period - Shot Blocked by Brett Clark.
14:42 of 2nd period - Wrist shot by Matthew Lombardi.
14:42 of 2nd period - Shot Blocked by Niclas Bergfors.
14:44 of 2nd period - Slapshot by Victor Bartley.
14:44 of 2nd period - Shot Misses the Net.
14:46 of 2nd period - Wrist shot by Nathan Paetsch.
14:46 of 2nd period - Shot Blocked by Brett Clark.
14:48 of 2nd period - Slapshot by Nathan Paetsch.
14:48 of 2nd period - Stopped by Viktor Fasth without a rebound.
14:49 of 2nd period - Mikael Granlund wins face-off versus Jeff Carter in Predators zone.
14:49 of 2nd period - Mikael Granlund is hit by Jonathan Ericsson.
16:08 of 2nd period - Wrist shot by Alexei Morozov.
16:08 of 2nd period - Stopped by Viktor Fasth without a rebound.
16:09 of 2nd period - Jeff Carter wins face-off versus Andy Miele in Predators zone.
16:48 of 2nd period - Jonathan Ericsson is hit by Dmitri Kalinin.
17:19 of 2nd period - Icing by John Moore.
17:20 of 2nd period - Kris Vernarsky wins face-off versus Kyle Wellwood in Predators zone.
17:27 of 2nd period - Slapshot by Kris Vernarsky.
17:27 of 2nd period - Shot Misses the Net.
17:45 of 2nd period - Wrist shot by Kris Vernarsky.
17:45 of 2nd period - Goal by Kris Vernarsky - Flyers : 2 - Predators : 2.
17:46 of 2nd period - Ryan Kesler wins face-off versus Chris Kreider in neutral zone.
18:35 of 2nd period - Snap shot by Chris Kreider.
18:35 of 2nd period - Shot Misses the Net.
18:49 of 2nd period - Slapshot by Jeff Carter.
18:49 of 2nd period - Goal by Jeff Carter - Flyers : 3 - Predators : 2.
18:50 of 2nd period - Kyle Wellwood wins face-off versus Ryan Kesler in neutral zone.
18:58 of 2nd period - Wrist shot by Kyle Wellwood.
18:58 of 2nd period - Shot Misses the Net.
19:04 of 2nd period - Kyle Wellwood is hit by Brett Clark and loses puck.
19:24 of 2nd period - Snap shot by Mikael Granlund.
19:24 of 2nd period - Deflect By Stephane Robidas.
19:24 of 2nd period - Stopped by Steve Mason with a rebound.
19:26 of 2nd period - Wrist shot by Byron Bitz.
19:26 of 2nd period - Shot Blocked by Jeff Woywitka.
19:45 of 2nd period - Snap shot by Stefan Ruzicka.
19:45 of 2nd period - Shot Misses the Net.
19:47 of 2nd period - Snap shot by Stefan Ruzicka.
19:47 of 2nd period - Shot Misses the Net.
Goals for this period are 3 for Flyers vs 1 for Predators.
Shots for this period are 13 for Flyers vs 12 for Predators.
3rd period
0:01 of 3rd period - Jeff Carter wins face-off versus Ryan Kesler in neutral zone.
0:03 of 3rd period - Off-side.
0:04 of 3rd period - Jeff Carter wins face-off versus Ryan Kesler in neutral zone.
0:21 of 3rd period - Wrist shot by Ryan Kesler.
0:21 of 3rd period - Deflect By Niclas Bergfors.
0:21 of 3rd period - Stopped by Steve Mason with a rebound.
0:42 of 3rd period - Dany Heatley is hit by Byron Bitz and loses puck.
0:59 of 3rd period - Brendan Gallagher is hit by Jean-Gabriel Pageau and loses puck.
1:04 of 3rd period - Wrist shot by Alexei Morozov.
1:04 of 3rd period - Shot Blocked by Brett Clark.
2:18 of 3rd period - Andy Miele is hit by Matthew Lombardi and loses puck.
2:40 of 3rd period - Dmitri Kalinin is hit by Jakub Voracek and loses puck.
3:14 of 3rd period - Jonathan Ericsson is hit by Justin Abdelkader and loses puck.
3:25 of 3rd period - Mikael Granlund is hit by Alex Killorn and loses puck.
3:31 of 3rd period - Off-side.
3:32 of 3rd period - Jeff Carter wins face-off versus Ryan Kesler in neutral zone.
3:35 of 3rd period - Slapshot by Nathan Paetsch.
3:35 of 3rd period - Deflect By Jakub Voracek.
3:35 of 3rd period - Stopped by Viktor Fasth with a rebound.
3:37 of 3rd period - Wrist shot by Jakub Voracek.
3:37 of 3rd period - Stopped by Viktor Fasth with a rebound.
3:39 of 3rd period - Slapshot by Jeff Carter.
3:39 of 3rd period - Shot Blocked by Niclas Bergfors.
4:25 of 3rd period - Snap shot by Dany Heatley.
4:25 of 3rd period - Shot Blocked by Ryan Mcdonagh.
4:27 of 3rd period - Slapshot by Nathan Paetsch.
4:27 of 3rd period - Shot Misses the Net.
4:29 of 3rd period - Snap shot by Wayne Simmonds.
4:29 of 3rd period - Stopped by Viktor Fasth with a rebound.
4:31 of 3rd period - Slapshot by Wayne Simmonds.
4:31 of 3rd period - Stopped by Viktor Fasth with a rebound.
4:33 of 3rd period - Snap shot by Wayne Simmonds.
4:33 of 3rd period - Shot Blocked by Alexander Edler.
4:49 of 3rd period - Wrist shot by Kyle Wellwood.
4:49 of 3rd period - Stopped by Viktor Fasth without a rebound.
4:50 of 3rd period - Jeff Carter wins face-off versus Ryan Kesler in Predators zone.
4:51 of 3rd period - Snap shot by Chris Kreider.
4:51 of 3rd period - Deflect By Brett Clark.
4:51 of 3rd period - Stopped by Viktor Fasth with a rebound.
5:09 of 3rd period - Jeff Carter is hit by Alexander Ovechkin and loses puck.
5:32 of 3rd period - Snap shot by Chris Kreider.
5:32 of 3rd period - Stopped by Viktor Fasth with a rebound.
5:34 of 3rd period - Wrist shot by Jakub Voracek.
5:34 of 3rd period - Stopped by Viktor Fasth with a rebound.
6:53 of 3rd period - Wrist shot by Chris Kreider.
6:53 of 3rd period - Deflect By Ryan Mcdonagh.
6:53 of 3rd period - Shot Misses the Net.
6:53 of 3rd period - Puck is out of play.
6:54 of 3rd period - Ryan Kesler wins face-off versus Kyle Wellwood in Predators zone.
7:42 of 3rd period - Byron Bitz is hit by Alex Killorn and loses puck.
8:09 of 3rd period - Slapshot by John Moore.
8:09 of 3rd period - Stopped by Steve Mason with a rebound.
8:21 of 3rd period - John Moore is hit by Rostislav Olesz and loses puck.
10:04 of 3rd period - Niclas Bergfors is hit by Rostislav Olesz and loses puck.
10:58 of 3rd period - Brett Clark is hit by Dany Heatley and loses puck.
11:17 of 3rd period - Icing by Byron Bitz.
11:18 of 3rd period - Jeff Carter wins face-off versus Adam Burish in Predators zone.
11:44 of 3rd period - Slapshot by Ryan Mcdonagh.
11:44 of 3rd period - Stopped by Steve Mason with a rebound.
11:46 of 3rd period - Snap shot by John Moore.
11:46 of 3rd period - Stopped by Steve Mason with a rebound.
11:48 of 3rd period - Snap shot by Dmitri Kalinin.
11:48 of 3rd period - Deflect By Byron Bitz.
11:48 of 3rd period - Deflect By Nathan Paetsch.
11:48 of 3rd period - Shot Blocked by Victor Bartley.
11:48 of 3rd period - Puck is out of play.
11:49 of 3rd period - Mikael Granlund wins face-off versus Kyle Wellwood in Flyers zone.
12:16 of 3rd period - Dmitri Kalinin is hit by Jakub Voracek and loses puck.
12:37 of 3rd period - Snap shot by Alex Killorn.
12:37 of 3rd period - Shot Blocked by Alexander Edler.
13:00 of 3rd period - Snap shot by Alexander Steen.
13:00 of 3rd period - Shot Misses the Net.
14:06 of 3rd period - Wrist shot by James Van Riemsdyk.
14:06 of 3rd period - Shot Misses the Net.
14:21 of 3rd period - Snap shot by Alexander Steen.
14:21 of 3rd period - Shot Misses the Net.
14:23 of 3rd period - Slapshot by Alexander Edler.
14:23 of 3rd period - Shot Blocked by Jonathan Ericsson.
14:25 of 3rd period - Snap shot by Mikael Granlund.
14:25 of 3rd period - Shot Misses the Net.
14:40 of 3rd period - Wayne Simmonds is hit by Adam Burish and loses puck.
15:06 of 3rd period - Ryan Kesler is hit by Chris Kreider and loses puck.
15:45 of 3rd period - Alexander Edler is hit by Wayne Simmonds.
16:04 of 3rd period - Jeff Carter is hit by Alexander Ovechkin and loses puck.
16:15 of 3rd period - Barret Jackman is hit by Jonathan Ericsson and loses puck.
16:22 of 3rd period - Alexander Steen is hit by Jean-Gabriel Pageau and loses puck.
17:08 of 3rd period - Slapshot by Dmitri Kalinin.
17:08 of 3rd period - Deflect By Niclas Bergfors.
17:08 of 3rd period - Goal by Niclas Bergfors - Flyers : 3 - Predators : 3.
17:09 of 3rd period - Alexander Ovechkin wins face-off versus Jean-Gabriel Pageau in neutral zone.
17:20 of 3rd period - Snap shot by Jonathan Ericsson.
17:20 of 3rd period - Stopped by Viktor Fasth with a rebound.
17:22 of 3rd period - Snap shot by Jean-Gabriel Pageau.
17:22 of 3rd period - Shot Misses the Net.
17:59 of 3rd period - Alexander Steen is hit by Wayne Simmonds and loses puck.
19:13 of 3rd period - Icing by Alexander Ovechkin.
19:14 of 3rd period - Ryan Kesler wins face-off versus Jeff Carter in Predators zone.
19:39 of 3rd period - Alexander Edler is hit by Dany Heatley and loses puck.
19:58 of 3rd period - Snap shot by Justin Abdelkader.
19:58 of 3rd period - Shot Misses the Net.
Goals for this period are 0 for Flyers vs 1 for Predators.
Shots for this period are 9 for Flyers vs 5 for Predators.
Overtime #1
0:01 of 1st overtime period - Jeff Carter wins face-off versus Ryan Kesler in neutral zone.
0:16 of 1st overtime period - Snap shot by Ryan Kesler.
0:16 of 1st overtime period - Stopped by Steve Mason without a rebound.
0:17 of 1st overtime period - Ryan Kesler wins face-off versus Jeff Carter in Flyers zone.
0:25 of 1st overtime period - Icing by Jonathan Ericsson.
0:26 of 1st overtime period - Jeff Carter wins face-off versus Ryan Kesler in Flyers zone.
0:49 of 1st overtime period - Snap shot by Alexander Ovechkin.
0:49 of 1st overtime period - Shot Blocked by Chris Kreider.
2:31 of 1st overtime period - Slapshot by Alexander Ovechkin.
2:31 of 1st overtime period - Stopped by Steve Mason without a rebound.
2:32 of 1st overtime period - Mikael Granlund wins face-off versus Kyle Wellwood in Flyers zone.
3:11 of 1st overtime period - Kyle Wellwood is hit by John Moore and loses puck.
Goals for this period are 0 for Flyers vs 0 for Predators.
Shots for this period are 0 for Flyers vs 2 for Predators.
ShootOut
5:00 of 1st overtime period - Penalty Shot by Jeff Carter for Flyers.
5:00 of 1st overtime period - Deke by Jeff Carter.
5:00 of 1st overtime period - Stopped by Viktor Fasth.
5:00 of 1st overtime period - Penalty Shot by Alexander Ovechkin for Predators.
5:00 of 1st overtime period - Backhand shot by Alexander Ovechkin.
5:00 of 1st overtime period - Stopped by Steve Mason.
5:00 of 1st overtime period - Penalty Shot by Kyle Wellwood for Flyers.
5:00 of 1st overtime period - Backhand shot by Kyle Wellwood.
5:00 of 1st overtime period - Stopped by Viktor Fasth.
5:00 of 1st overtime period - Penalty Shot by Niclas Bergfors for Predators.
5:00 of 1st overtime period - Deke by Niclas Bergfors.
5:00 of 1st overtime period - Goal by Niclas Bergfors.
5:00 of 1st overtime period - Penalty Shot by Dany Heatley for Flyers.
5:00 of 1st overtime period - Wrist shot by Dany Heatley.
5:00 of 1st overtime period - Stopped by Viktor Fasth.
Back to the Top